 Dungeon Crawl Stone Soup version 0.29.1-12-g30fa7ad0bf (webtiles) character file.

Game seed: 13601434866144438925

24238 retardedninja the Severer (level 13, -23/119 HPs)
             Began as a Hill Orc Fighter on Dec 13, 2022.
             Was an Initiate of Gozag.
             Engulfed by a cloud of flame (27 damage)
             ... in a volcano.
             The game lasted 00:25:56 (19822 turns).

retardedninja the Severer (Hill Orc Fighter)       Turns: 19822, Time: 00:25:56

Health: -23/119    AC: 24    Str: 24    XL:     13   Next: 11%
Magic:  22/22      EV:  7    Int:  8    God:    Gozag
Gold:   1262       SH:  8    Dex: 10    Spells: 12/12 levels left

rFire   . . .      SeeInvis .   a - +0 war axe (protect)
rCold   . . .      Faith    .   u - +2 buckler
rNeg    . . .      Spirit   .   n - +3 plate armour
rPois   .          Reflect  .   (no helmet)
rElec   .          Harm     .   j - +0 cloak
rCorr   .          Rampage  .   b - +0 pair of gloves
Will    .....                   t - +1 pair of boots
Stlth   ..........              (no amulet)
HPRegen 0.29/turn               g - ring of flight
MPRegen 0.18/turn               q - ring "Rief" {MP+9 Slay+2}

@: flying
A: no striking features
a: Renounce Religion, Potion Petition, Call Merchant, Bribe Branch


You were in a volcano.
You worshipped Gozag.
Gozag was most pleased with you.
You visited 3 branches of the dungeon, and saw 13 of its levels.
You also visited: Volcano.

You collected 2634 gold pieces.
You spent 138 gold pieces at shops.
You paid 1234 gold pieces to Gozag.

Inventory:

Hand Weapons
 a - a +0 war axe of protection (weapon)
Missiles
 k - 2 throwing nets (quivered)
Armour
 b - a +0 pair of gloves (worn)
 c - a +0 plate armour
 j - a +0 cloak (worn)
 n - a +3 plate armour (worn)
 t - a +1 pair of boots (worn)
 u - a +2 buckler (worn)
Jewellery
 f - a ring of protection from cold
 g - a ring of flight (left hand)
 q - the ring "Rief" (right hand) {MP+9 Slay+2}
   (You acquired it on level 10 of the Dungeon)

   [ring of magical power]

   Slay:      It affects your accuracy & damage with ranged weapons and melee
   (+2).
   MP:        It affects your magic capacity (+9).
Wands
 d - a wand of light (6)
 h - a wand of mindburst (16)
 w - a wand of polymorph (7)
 y - a wand of iceblast (10)
Scrolls
 e - 2 scrolls of identify
 i - a scroll of poison
 l - 5 scrolls of butterflies
 m - 2 scrolls of teleportation
 p - 2 scrolls of vulnerability


   Skills:
 + Level 12.6 Fighting
 + Level 16.9 Axes
 + Level 12.0 Armour
 - Level 1.5 Dodging
 + Level 2.8 Stealth
 + Level 10.1 Shields


You had 12 spell levels left.
You didn't know any spells.
Your spell library contained the following spells:

 Spells                   Type           Power      Damage    Failure   Level
 Freeze                   Ice            0%         1d3       99%         1
 Blink                    Tloc           0%         N/A       100%        2
 Frozen Ramparts          Ice            0%         1d1       100%        3
 Gell's Gravitas          Tloc           0%         N/A       100%        3
 Lesser Beckoning         Tloc           0%         N/A       100%        3
 Teleport Other           Tloc           0%         N/A       100%        3
 Hailstorm                Conj/Ice       0%         3d3       100%        4
 Summon Ice Beast         Ice/Summ       0%         N/A       100%        4
 Manifold Assault         Tloc           0%         N/A       100%        5
 Summon Mana Viper        Hex/Summ       0%         N/A       100%        5
 Dispersal                Tloc           0%         N/A       100%        6
 Monstrous Menagerie      Summ           0%         N/A       100%        7


Dungeon Overview and Level Annotations

Branches:
Dungeon (11/15)            Temple (1/1) D:4            Lair (1/5) D:11
    Orc (0/2) D:9         Volcano (1/1)

Altars:
Dithmenos
Fedhas
Gozag
Hepliaklqana
Kikubaaqudgha
Nemelex Xobeh
Qazlal
Vehumet
Wu Jian
Yredelemnul
Zin
The Shining One

Shops:
D:10 *

Annotations:
D:7 3 runed translucent doors, hawla's ghost, novice MeIE


Message History

You're standing in a cloud of flame!
You start resting.
The air gets thick with the scent of sulphur.
You start resting.
In the distance, the volcano erupts with a roar.
You start resting.
The air gets thick with the scent of sulphur.
You start resting.
In the distance, the volcano erupts with a roar.
You start resting.
The air gets thick with the scent of sulphur.
You start resting.
In the distance, the volcano erupts with a roar.
You are engulfed in blazing flames.
You're standing in a cloud of flame!
Unknown command.
Okay, then.
You feel much better.
You are engulfed in blazing flames.
You are engulfed in blazing flames.
* * * LOW HITPOINT WARNING * * *
You now have 1262 gold pieces (gained 19).
You start resting.
The air gets thick with the scent of sulphur.
You start resting.
In the distance, the volcano erupts with a roar.
You are engulfed in blazing flames.
* * * LOW HITPOINT WARNING * * *
You're standing in a cloud of flame!
Unknown command.
Blink to where?
Press: ? - help, Dir - move target
As you read the scroll of blinking, it crumbles to dust.
You are engulfed in blazing flames.
* * * LOW HITPOINT WARNING * * *
Okay, then.
Unknown command.
It was a potion of magic.
Magic courses through your body.
You are engulfed in blazing flames.
You die...
Your body crumbles into a pile of gold.

≈#≈##≈#≈≈≈§≈≈≈###≈## ≈
≈≈≈≈≈#≈≈≈≈≈≈§≈≈#§#≈#≈#§#≈≈≈≈≈≈≈≈
#○§≈#≈#§≈≈#≈§≈§≈≈≈≈§≈§○≈§≈≈≈#≈§§#
§○°#§≈≈≈≈≈≈≈§≈§#≈§§§≈§§#§§§§≈§§#≈
§°§≈§≈≈≈≈≈≈§≈≈≈≈≈§§§≈≈§≈≈§≈≈§≈≈≈§
§§≈≈§≈≈≈§≈≈≈§§≈≈°°°○○≈≈≈≈§§§≈§§≈≈
§§≈°≈≈≈≈≈≈≈≈§§≈≈≈°≈°°°§§≈≈§§≈§≈≈≈
§§≈≈≈.≈≈§.≈§§§≈°°○°°○°§≈≈≈≈§≈≈≈§§
≈§§≈≈..§§≈.≈≈≈.°@°≈≈..≈§.≈...≈≈§§
≈#............°°°°°..........##§§
##...#####...##○##...#####....##§
##..## $##.##○°○##.##...##..#+##
.#..#$$ #.#○○°○°#.#.....#..#
.#..# #.#○○○°°#.#)[...#..# '#..##
$##.##○○°##.##.).##..# #
#....##+##...#####...##)##...####
##....^^^.............)......#≈≈≈


There were no monsters in sight!

Vanquished Creatures
  Snorg (D:11)
  6 two-headed ogres
  A centaur warrior (D:11)
  A flayed ghost (D:11)
  A deep troll (D:11)
  A deep elf pyromancer (D:11)
  2 ugly things
  3 cyclopes (D:11)
  2 manticores (D:11)
  A salamander (Volcano)
  Joseph (D:7)
  3 gargoyles (D:11)
  2 kobold demonologists
  2 unseen horrors (D:10)
  2 komodo dragons (D:11)
  3 trolls
  A hornet (D:11)
  Prince Ribbit (D:7)
  A shadow (D:11)
  3 vampires (D:11)
  3 wraiths
  A wyvern (D:11)
  A basilisk (D:11)
  A water elemental (D:11)
  2 fire bats (Volcano)
  17 yaks
  3 vampire mosquitoes (D:11)
  2 steam dragons
  2 acid dragons
  Duvessa (D:6)
  2 hell hounds (Volcano)
  5 orc warriors
  3 ice beasts
  2 black bears
  An ogre (D:7)
  11 centaurs
  3 gnoll sergeants
  2 necrophages
  4 bullfrogs
  5 scorpions
  9 wights
  Dowan (D:6)
  5 killer bees
  A howler monkey (D:6)
  4 electric eels (D:11)
  A jelly (D:6)
  A gnoll bouda (D:7)
  7 hounds
  7 orc priests
  Crazy Yiuf (D:7)
  5 iguanas
  9 orc wizards
  20 gnolls
  4 adders
  3 shadow imps
  3 worms (D:2)
  2 dart slugs
  27 orcs
  11 ball pythons
  7 bats
  4 endoplasms
  3 giant cockroaches
  10 goblins
  5 hobgoblins
  8 kobolds
  7 quokkas
  4 frilled lizards (D:2)
  5 rats
283 creatures vanquished.

Vanquished Creatures (collateral kills)
  A two-headed ogre (D:11)
  A cyclops (D:11)
  A yak (D:11)
  2 gnolls (D:11)
5 creatures vanquished.

Vanquished Creatures (others)
  12 plants (D:11)
12 creatures vanquished.

Grand Total: 300 creatures vanquished

Notes
Turn   | Place    | Note
-------+----------+-------------------------------------------
     0 | D:1      | retardedninja the Hill Orc Fighter began the quest for the
                  | Orb.
     0 | D:1      | Reached XP level 1. HP: 19/19 MP: 1/1
   110 | D:1      | Reached XP level 2. HP: 22/27 MP: 2/2
   236 | D:1      | Found a faded altar of an unknown god.
   596 | D:1      | Reached skill level 3 in Axes
   707 | D:2      | Reached XP level 3. HP: 33/33 MP: 3/3
  1293 | D:2      | Reached XP level 4. HP: 40/40 MP: 4/4
  1612 | D:2      | Reached skill level 4 in Axes
  1981 | D:2      | Reached XP level 5. HP: 17/46 MP: 5/5
  3072 | D:2      | Reached skill level 5 in Axes
  3498 | D:3      | Found a hazy altar of Hepliaklqana.
  3498 | D:3      | Found an ancient bone altar of Kikubaaqudgha.
  4027 | D:4      | Reached XP level 6. HP: 41/53 MP: 6/6
  4035 | D:4      | Reached skill level 1 in Dodging
  4320 | D:4      | Found a staircase to the Ecumenical Temple.
  4337 | D:4      | Reached skill level 6 in Axes
  4350 | Temple   | Entered the Ecumenical Temple
  4358 | Temple   | Became a worshipper of Gozag Ym Sagoz the Greedy
  4431 | D:4      | Reached skill level 5 in Armour
  4525 | D:4      | Reached XP level 7. HP: 60/60 MP: 7/7
  4698 | D:5      | Entered Level 5 of the Dungeon
  5149 | D:5      | Reached skill level 5 in Fighting
  5149 | D:5      | Reached skill level 7 in Axes
  5907 | D:6      | Reached skill level 8 in Axes
  5907 | D:6      | Reached skill level 5 in Shields
  5907 | D:6      | Reached XP level 8. HP: 69/69 MP: 8/8
  6233 | D:6      | Identified the +1 plate armour "Tesoptil" {Will+ Dex+8}
  6239 | D:6      | Reached skill level 9 in Axes
  6780 | D:6      | Noticed Duvessa
  6780 | D:6      | Noticed Dowan
  6790 | D:6      | Killed Duvessa
  6805 | D:6      | Killed Dowan
  6837 | D:6      | Reached XP level 9. HP: 78/78 MP: 9/9
  6906 | D:6      | Reached skill level 10 in Axes
  7437 | D:7      | Found a runed translucent gate.
  7437 | D:7      | Found a runed translucent gate.
  7437 | D:7      | Found a runed translucent gate.
  7437 | D:7      | Noticed hawla's ghost (novice MeIE)
  7534 | D:7      | Reached skill level 11 in Axes
  7591 | D:7      | Noticed Joseph
  7613 | D:7      | Killed Joseph
  7958 | D:7      | Found a runed translucent door.
  7959 | D:7      | Noticed Crazy Yiuf
  7978 | D:7      | Noticed Prince Ribbit
  7985 | D:7      | Killed Prince Ribbit
  7986 | D:7      | Reached skill level 1 in Stealth
  8019 | D:7      | Found a stormy altar of Qazlal.
  8114 | D:7      | Killed Crazy Yiuf
  8309 | D:8      | Reached skill level 12 in Axes
  8739 | D:8      | Reached XP level 10. HP: 76/88 MP: 10/10
  8821 | D:8      | Found a glowing silver altar of Zin.
  9961 | D:9      | Noticed a kobold demonologist
  9965 | D:9      | Noticed a rust devil
  9976 | D:9      | Killed a kobold demonologist
  9999 | D:9      | Reached skill level 13 in Axes
 11485 | D:9      | Found a staircase to the Orcish Mines.
 11665 | D:10     | Entered Level 10 of the Dungeon
 12136 | D:10     | Killed an unseen horror
 12137 | D:10     | Reached skill level 14 in Axes
 12504 | D:10     | Identified the +6 mace "Loopy" {protect, Str+6 Dex-5}
 12524 | D:10     | Reached XP level 11. HP: 44/97 MP: 11/11
 13168 | D:10     | Found Bpesuor's Bounteous Boutique.
 13174 | D:10     | Bought a +1 pair of boots for 138 gold pieces
 13283 | D:10     | Identified a scroll of acquirement
 13283 | D:10     | Acquired the ring "Rief" {MP+9 Slay+2}
 13861 | D:10     | HP: 1/97 [acid dragon/splash of acid (27)]
 14361 | D:10     | Noticed a cyan ugly thing
 14371 | D:10     | Killed a cyan ugly thing
 15051 | D:11     | Paralysed by a hornet for 2 turns
 15069 | D:11     | Reached skill level 10 in Armour
 15594 | D:11     | Identified the +5 ring mail of the True Pharaoh {Str+4
                  | Slay+3}
 15606 | D:11     | Found a shadowy altar of Dithmenos.
 15703 | D:11     | Reached skill level 15 in Axes
 15758 | D:11     | Noticed a manticore
 15767 | D:11     | Killed a manticore
 15777 | D:11     | Reached skill level 10 in Fighting
 16114 | D:11     | Noticed Snorg
 16116 | D:11     | Noticed a cyclops
 16116 | D:11     | Noticed a deep troll
 16148 | D:11     | Killed Snorg
 16153 | D:11     | Killed a cyclops
 16157 | D:11     | Killed a deep troll
 16157 | D:11     | Identified the +2 short sword of the Other Side {elec,
                  | Int+3}
 16158 | D:11     | Reached XP level 12. HP: 48/107 MP: 12/12
 16445 | D:11     | Noticed a two-headed ogre
 16458 | D:11     | Killed a two-headed ogre
 16757 | D:11     | Noticed a centaur warrior
 16769 | D:11     | Noticed a two-headed ogre
 16775 | D:11     | Reached skill level 16 in Axes
 16783 | D:11     | Noticed a two-headed ogre
 16805 | D:11     | Killed a two-headed ogre
 16815 | D:11     | Noticed a two-headed ogre
 16821 | D:11     | Killed a two-headed ogre
 16832 | D:11     | Killed a centaur warrior
 17351 | D:11     | Killed a two-headed ogre
 18764 | D:11     | Found a staircase to the Lair.
 19273 | Lair:1   | Entered Level 1 of the Lair of Beasts
 19323 | Lair:1   | Found a dark tunnel.
 19328 | Volcano  | Entered a volcano
 19394 | Volcano  | Noticed a two-headed ogre
 19394 | Volcano  | Noticed a two-headed ogre
 19414 | Volcano  | Killed a two-headed ogre
 19415 | Volcano  | Reached skill level 10 in Shields
 19415 | Volcano  | Reached XP level 13. HP: 80/118 MP: 13/13
 19821 | Volcano  | HP: 4/119 [something (4)]
 19822 | Volcano  | Engulfed by a cloud of flame

Illustrated notes

Levels and vault maps discovered:
D:1:      dpeg_arrival_solitude, layout_loops_ring,
          hellmonk_ecumenical_altar_blasted
D:2:      layout_loops_ring, hangedman_decor_peaks_small
D:3:      layout_loops_ring, grunt_temple_overflow_open
D:4:      layout_rooms, minmay_temple_entry_glassed_door
D:5:      layout_gridville, minivault_26
D:6:      lemuel_ice_spiral_2, layout_basic, grunt_decor_mini_mirrors,
          uniq_duvessa
D:7:      layout_cave_pools, nicolae_qazlal_general_emergency,
          ebering_ghost_rock_garden, hangedman_abyss_or_decor_passed,
          st_stairs_4, uniq_prince_ribbit1, uniq_crazy_yiuf_cottage, uniq_joseph
D:8:      layout_basic, zin_treasury
D:9:      layout_loops_cross
D:10:     layout_cave_pools, enter_bailey_5, nicolae_alphabet_shops,
          grunt_ministairs_11, kennysheep_generic_room_10
D:11:     nzn_winding_woodlands_large [nzn_winding_woodlands_5x5_open_star,
          nzn_winding_woodlands_5x15_longhouse,
          nzn_winding_woodlands_5x5_perimeter,
          nzn_winding_woodlands_center_triple_pond,
          nzn_winding_woodlands_15x15_eel_pit,
          nzn_winding_woodlands_center_garden, nzn_winding_woodlands_5x5_three,
          nzn_winding_woodlands_5x15_jagged,
          nzn_winding_woodlands_5x5_checkerboard], layout_rooms,
          lair_entry_dummy, grunt_dithmenos_smoke, uniq_snorg
Temple:   eino_narrow_crystal_temple
Lair:1:   layout_small_grid, enter_volcano_4, uniq_amaemon
Volcano:  volcano_village

Skill      XL: |  1  2  3  4  5  6  7  8  9 10 11 12 13 |
---------------+----------------------------------------+-----
Fighting       | 4 5 6 7 9 10 12 | 12.6
Axes           | 3 4 5 6 8 9 12 14 15 16 | 16.9
Armour         | 4 5 6 7 9 10 11 12 | 12.0
Shields        | 4 5 6 7 8 10 | 10.1
Dodging        | 1 |  1.5
Stealth        | 1 2 |  2.8

Action                   |  1- 3 |  4- 6 |  7- 9 | 10-12 | 13-15 || total
-------------------------+-------+-------+-------+-------+-------++-------
Melee: War axe           |   106 |   134 |   299 |   669 |    23 ||  1231
Invok: Potion Petition   |       |       |       |     3 |       ||     3
  Use: Potion            |       |     3 |     2 |    12 |     2 ||    19
       Scroll            |       |       |    15 |     9 |     1 ||    25
 Stab: Invisible         |       |       |     3 |     2 |       ||     5
       Distracted        |       |       |       |     1 |     1 ||     2
Armor: Scale mail        |    54 |    77 |       |       |       ||   131
       Chain mail        |       |     8 |    34 |       |       ||    42
       Plate armour      |       |       |   138 |   508 |    19 ||   665
Dodge: Dodged            |    49 |    81 |    71 |   176 |     6 ||   383
Block: Buckler           |    22 |    49 |   129 |   269 |    10 ||   479
